 Dungeon Crawl Stone Soup version 0.27.0-1-g7a089689b8 (webtiles) character file.

Game seed: 6405431397318480692

53 Descartes the Sneak (level 3, -7/15 HPs)
             Began as a Felid Wanderer on Aug 1, 2021.
             Killed from afar by Sigmund (8 damage)
             ... with a magic dart
             ... on level 2 of the Dungeon.
             The game lasted 00:04:01 (2096 turns).

Descartes the Sneak (Felid Wanderer)                Turns: 2096, Time: 00:04:02

Health: -7/15      AC:  1    Str: 17    XL:     3   Next: 62%
Magic:  0/5        EV: 17    Int: 10    God:
Gold:   47         SH:  0    Dex: 16    Spells: 3/4 levels left
                                        Lives:  0   Deaths: 0

rFire    . . .     SeeInvis +     - Unarmed
rCold    . . .     Faith    .   (shield unavailable)
rNeg     . . .     Spirit   .   (armour unavailable)
rPois    .         Reflect  .   (helmet unavailable)
rElec    .         Harm     .   (cloak unavailable)
rCorr    .         Rampage  .   (gloves unavailable)
Will     .....                  (boots unavailable)
Stlth    ++........             (no amulet)
HPRegen  0.05/turn              f - +6 ring of strength
MPRegen  0.09/turn              (no ring)

@: very slightly contaminated, quick
A: very small, claws 1, fangs 3, see invisible, speed 1, shaggy fur 1, stealthy
paws, no weapons or thrown items, no armour, multi-lived
a: no special abilities


You were on level 2 of the Dungeon.
You visited 1 branch of the dungeon, and saw 2 of its levels.

You collected 47 gold pieces.

Inventory:

Jewellery
 f - a +6 ring of strength (left paw)
Scrolls
 a - 2 scrolls of teleportation
 b - a scroll of torment {unknown}
 d - a scroll of holy word {unknown}
 e - 2 scrolls of identify {unknown}
Potions
 c - a potion of curing {unknown}
 g - a potion of heal wounds {unknown}


   Skills:
 - Level 1.0 Fighting
 + Level 2.6 Dodging
 + Level 2.7 Stealth
 + Level 1.9 Unarmed Combat
 - Level 1.0 Spellcasting
 - Level 2.0 Summonings
 + Level 2.4 Fire Magic
 - Level 1.1 Evocations


You had 3 spell levels left.
You knew the following spells:

 Your Spells              Type           Power      Damage    Failure   Level
a - Foxfire               Conj/Fire      8%         2x1d4     22%         1

Your spell library contained the following spells:

 Spells                   Type           Power      Damage    Failure   Level
 Apportation              Tloc           0%         N/A       34%         1
 Conjure Flame            Conj/Fire      2%         6-21      54%         3
 Inner Flame              Hex/Fire       2%         N/A       54%         3
 Gell's Gravitas          Tloc           0%         N/A       71%         3
 Sticky Flame             Conj/Fire      2%         2d3       91%         4
 Fireball                 Conj/Fire      1%         3d3       99%         5


Dungeon Overview and Level Annotations

Branches:
Dungeon (2/15)

Altars:

Annotations:
D:2 Sigmund


Innate Abilities, Weirdness & Mutations

You have sharp claws.
You have razor-sharp teeth.
You have supernaturally acute eyesight. (SInv)
You cover ground quickly. (Speed+)
You are covered in fur. (AC +1)
Your paws help you pounce on unaware monsters.
You are incapable of wielding weapons or throwing items.
You cannot wear armour.
You gain extra lives every three experience levels.


Message History

Casting: Foxfire (safe; 22% risk of failure)
Confirm with . or Enter, or press ? or * to list all spells.
You miscast Foxfire.
You are very lightly contaminated with residual magic.
Nothing appears to happen.
Casting: Foxfire (safe; 22% risk of failure)
Confirm with . or Enter, or press ? or * to list all spells.
You miscast Foxfire.
Nothing appears to happen.
Casting: Foxfire (safe; 22% risk of failure)
Confirm with . or Enter, or press ? or * to list all spells.
You miscast Foxfire.
Nothing appears to happen.
Casting: Foxfire (safe; 22% risk of failure)
Confirm with . or Enter, or press ? or * to list all spells.
You conjure some foxfire!
Casting: Foxfire (safe; 22% risk of failure)
Confirm with . or Enter, or press ? or * to list all spells.
You conjure some foxfire!
Casting: Foxfire (safe; 22% risk of failure)
Confirm with . or Enter, or press ? or * to list all spells.
You don't have enough magic to cast this spell.
The foxfire hits Sigmund.
Sigmund is lightly wounded.
The foxfire hits Sigmund.
Sigmund is lightly wounded.
Your foxfire dissipates!
Sigmund gestures at you while chanting. The magic dart hits you!
Ouch! That really hurt!
You are too injured to fight recklessly!
You are too injured to fight recklessly!
You scratch Sigmund.
Sigmund is moderately wounded.
The foxfire hits Sigmund but does no damage.
Sigmund is moderately wounded.
Sigmund hits you with a +0 scythe.
* * * LOW HITPOINT WARNING * * *
Sigmund gestures at you while chanting. The magic dart hits you!
Ouch! That really hurt!
You die...

#.# #.....########## #.#
#.....'.....@..# #.#
#.....#######.## #.# #.....#
#.# ###### #.# #.....# #.#
#..... #.# #.....#
#.#####..... #.#
#####....@#######...........
#.#
##..........§...#######@.....
#.#
#...........@...+...@........
#.#
#............§..########.....
#.# #.............§.# #.....
#.###...............# #.....
...##...............# #.....
#####...............# #.(...
#...............# .....
#####<..............#
....).###############


You could see Sigmund.

Vanquished Creatures
  An adder (D:2)
  4 ball pythons
  5 endoplasms
  2 giant cockroaches (D:1)
  2 hobgoblins
  9 jackals
  3 kobolds
  2 quokkas (D:2)
  3 bats (D:1)
  3 frilled lizards (D:1)
  4 rats
38 creatures vanquished.

Vanquished Creatures (others)
  37 foxfires
37 creatures vanquished.

Grand Total: 75 creatures vanquished

Notes
Turn   | Place    | Note
-------+----------+-------------------------------------------
     0 | D:1      | Descartes the Felid Wanderer began the quest for the Orb.
     0 | D:1      | Descartes set off with the following items: a scroll of
                  | teleportation; and the following spells available to
                  | memorise: Foxfire, Apportation, Conjure Flame, Inner Flame,
                  | Gell's Gravitas, Sticky Flame, Fireball
     0 | D:1      | Reached XP level 1. HP: 9/9 MP: 3/3
     2 | D:1      | Learned a level 1 spell: Foxfire
   695 | D:1      | Reached XP level 2. HP: 8/12 MP: 4/4
  1411 | D:1      | Found a faded altar of an unknown god.
  1503 | D:1      | Reached XP level 3. HP: 15/15 MP: 5/5
  2064 | D:2      | Noticed Sigmund
  2096 | D:2      | Killed from afar by Sigmund

Illustrated notes

Levels and vault maps discovered:
D:1:      wander_arrival_fairy_ring, layout_basic,
          chequers_ecumenical_altar_island
D:2:      layout_basic, serial_park_tiny_1, uniq_sigmund

Skill      XL: |  1  2 |
---------------+-------+-----
Fire Magic     | 2 |  2.4
Stealth        | 2 |  2.7
Dodging        | 2 |  2.6
Fighting       | |  1.0
Unarmed Combat | |  1.9
Spellcasting   | |  1.0
Summonings     | |  2.0
Evocations     | |  1.1

Action                   || total
-------------------------++-------
Melee: Unarmed           ||    87
       Bite              ||     7
       Punch             ||     2
 Cast: Foxfire           ||    20
 Stab: Sleeping          ||     3
Armor: Skin              ||     9
Dodge: Dodged            ||    70
